Description

This is a summary of a standard opening called 1-1-1, it gives you the ability to do a LOT with a lot of flexibility in choosing. You can decide to go into Mech or Bio as a Terran player and really be an annoying opponent.

Check out the full Guide in the video, it will explain the steps you can make further.

VOD

https://youtu.be/d6GTflHC06c

Build Order

Get SALT Encoding   

  15  0:40  Supply Depot  
  18  0:44  Barracks  
  18  0:55  Refinery  
  20  1:32  Reaper  
  20  1:40  Command Center  
  20  1:51  Supply Depot  
  24  1:55  Marine  
  23  2:08  Refinery, Factory  
  24  2:10  Barracks Reactor  
  27  2:57  Hellion  
  29  3:01  Starport  
  31  3:03  Marine x2  
  38  3:28  Supply Depot  
  41  3:35  Medivac  
  41  3:44  Factory Tech Lab  
  52  4:10  Supply Depot x2  
  54  4:14  Command Center  
Spawning Tool Build Advisor. Get it on Overwolf

Analysis

Taking the control of the game from the beginning with simple map control gained from Helions. The possibility to choose either Mech and Bio makes 1-1-1 really versatile when playing this matchup.

Go to:

Details

  • Created by: PrestigeTV
  • Published on: Oct 29, 2022
  • Modified on: Oct 30, 2022
  • Patch: 4.11.0
  • Difficulty: Easy
Show
View Real Time Build Order
Export as new Build Order

Comments (0)

There are no comments. Be the first!

Create an account to comment!